[Event "9th Beirut Open 2017"]
[Site "Beirut"]
[Date "2017.10.05"]
[Round "7.17"]
[White "Novikova, Margarita"]
[Black "Farhat, Jawad"]
[Result "1/2-1/2"]
[ECO "A00"]
[WhiteElo "2004"]
[BlackElo "1592"]
[Annotator "NA RC"]
[PlyCount "100"]
[EventDate "2017.??.??"]
[EventCountry "LBN"]
[SourceTitle "playchess.com"]
[Source "ChessBase"]
[SourceQuality "1"]
[TimeControl "5400+30"]

1. c4 e6 2. g3 d5 3. Bg2 Nf6 4. d4 c6 5. b3 Nbd7 6. Nf3 Be7 7. O-O O-O 8. Nc3 b6 9. Re1 Bb7 10. a3 Rc8 11. cxd5 cxd5 12. Bb2 a6 13. Qd3 b5 14. Rec1 Ne4 15. Ne5 Nxe5 16. dxe5 Nxc3 17. Bxc3 Qb6 18. Qd2 Qc7 19. Bd4 Qd7 20. Bb2 Rxc1+ 21. Rxc1 Rc8 22. Rc2 Rxc2 23. Qxc2 Qc6 24. Qxc6 Bxc6 25. b4 Kf8 26. Kf1 Ke8 27. Ke1 Kd7 28. Kd2 Kc7 29. Kd3 Kb7 30. Bd4 Kc7 31. h4 f5 32. h5 Be8 33. Bf3 g6 34. hxg6 hxg6 35. e3 Kc6 36. Ke2 Bd8 37. g4 Bf7 38. gxf5 gxf5 39. Bg2 Be7 40. Kd3 Bg6 41. Kd2 Bd8 42. Bf1 Bh4 43. f3 Bg5 44. Bd3 Bh7 45. Ke2 Be7 46. Kf2 Bg6 47. Bf1 Bh4+ 48. Ke2 Bg5 49. Bh3 Kd7 50. f4 Be7 1/2-1/2

[Event "9th Beirut Open 2017"]
[Site "Beirut"]
[Date "2017.10.05"]
[Round "7.18"]
[White "Sharbel, Marwan"]
[Black "Fakoua, Khalil"]
[Result "1-0"]
[ECO "A00"]
[WhiteElo "1995"]
[BlackElo "1383"]
[Annotator "NA RC"]
[PlyCount "29"]
[EventDate "2017.??.??"]
[EventCountry "LBN"]
[SourceTitle "playchess.com"]
[Source "ChessBase"]
[SourceQuality "1"]
[TimeControl "5400+30"]

1. d4 Nf6 2. Nf3 e6 3. Bf4 d5 4. e3 Bd6 5. Bg3 O-O 6. Bd3 c5 7. c3 Nc6 8. Nbd2 c4 9. Bc2 b5 10. Ne5 Bxe5 11. dxe5 Nd7 12. Nf3 Qc7 13. Bxh7+ Kxh7 14. Ng5+ Kg8 15. Qh5 1-0

[Event "9th Beirut Open 2017"]
[Site "Beirut"]
[Date "2017.10.05"]
[Round "7.19"]
[White "Lakhoyan, Hrag"]
[Black "Ghassan, Houmsi"]
[Result "1-0"]
[ECO "A00"]
[WhiteElo "1582"]
[BlackElo "1841"]
[Annotator "NA RC"]
[PlyCount "87"]
[EventDate "2017.??.??"]
[EventCountry "LBN"]
[SourceTitle "playchess.com"]
[Source "ChessBase"]
[SourceQuality "1"]
[TimeControl "5400+30"]

1. d4 d5 2. Bf4 Bf5 3. e3 e6 4. Bd3 Bxd3 5. Qxd3 c6 6. c3 Bd6 7. Bg3 Nf6 8. Nf3 Bxg3 9. hxg3 Nbd7 10. Nbd2 h6 11. e4 dxe4 12. Nxe4 Nxe4 13. Qxe4 Nf6 14. Qe2 Qd5 15. Qe5 O-O 16. O-O Rad8 17. Rfe1 Rfe8 18. Qf4 Qb5 19. Qc1 Qh5 20. Re5 Qg4 21. Qc2 g5 22. Qd2 Rd5 23. Rae1 Red8 24. Rxd5 cxd5 25. Ne5 Qh5 26. Qe2 Qxe2 27. Rxe2 Ne4 28. Kh2 Kg7 29. c4 f6 30. cxd5 fxe5 31. Rxe4 exd4 32. dxe6 d3 33. e7 Re8 34. Rd4 Rxe7 35. Rxd3 Kf6 36. Rd2 b5 37. f3 a5 38. Kg1 h5 39. Kf2 Kf5 40. Rd5+ Re5 41. Rxe5+ Kxe5 42. Ke3 h4 43. f4+ gxf4+ 44. gxf4+ 1-0

[Event "9th Beirut Open 2017"]
[Site "Beirut"]
[Date "2017.10.05"]
[Round "7.21"]
[White "Berbari, Imad"]
[Black "Djikerian, Rafi"]
[Result "0-1"]
[ECO "A00"]
[WhiteElo "1680"]
[BlackElo "1835"]
[Annotator "NA RC"]
[PlyCount "65"]
[EventDate "2017.??.??"]
[EventCountry "LBN"]
[SourceTitle "playchess.com"]
[Source "ChessBase"]
[SourceQuality "1"]
[TimeControl "5400+30"]

1. e4 c5 2. Nf3 e6 3. d4 cxd4 4. Nxd4 a6 5. Nc3 b5 6. a3 Bb7 7. Bd3 Bc5 8. Nf3 Nf6 9. O-O O-O 10. Bg5 h6 11. Bh4 d6 12. b4 Ba7 13. Qe1 Nbd7 14. Nb1 Qc7 15. Nbd2 Nh5 16. Bg3 Rfe8 17. Qd1 Nxg3 18. hxg3 d5 19. Rc1 Qxg3 20. Qe2 Qf4 21. Rce1 Rac8 22. Nb3 Rc3 23. exd5 Bxd5 24. Rd1 g6 25. Ne1 Nf6 26. Nd2 e5 27. Be4 Bxe4 28. Nxe4 Nxe4 29. Nd3 Qh4 30. Qf3 Ng3 31. Qxg3 Qxg3 32. Ne1 Qg4 33. Rd7 0-1

[Event "9th Beirut Open 2017"]
[Site "Beirut"]
[Date "2017.10.05"]
[Round "7.22"]
[White "Khechen, Nabil E"]
[Black "Saeed, Riad"]
[Result "0-1"]
[ECO "A00"]
[WhiteElo "1956"]
[BlackElo "1685"]
[Annotator "NA RC"]
[PlyCount "73"]
[EventDate "2017.??.??"]
[EventCountry "LBN"]
[SourceTitle "playchess.com"]
[Source "ChessBase"]
[SourceQuality "1"]
[TimeControl "5400+30"]

1. e4 d6 2. Nc3 Nf6 3. Bc4 g6 4. d3 Bg7 5. f4 c6 6. Qe2 b5 7. Bb3 O-O 8. e5 dxe5 9. fxe5 Nd5 10. Nxd5 cxd5 11. d4 a6 12. Nf3 Nc6 13. Be3 f6 14. O-O-O Na5 15. exf6 exf6 16. Bf4 Re8 17. Bxd5+ Kh8 18. Qxe8+ Qxe8 19. Bxa8 Bf5 20. Bd5 Qc8 21. Rd2 g5 22. Be3 Nc4 23. Bxc4 Qxc4 24. Kb1 a5 25. d5 a4 26. d6 Bd7 27. Re1 g4 28. Nh4 f5 29. Red1 Be6 30. b3 Qc3 31. Bd4 Bxd4 32. Rxd4 a3 33. Kc1 Qa1+ 34. Kd2 Qxd4+ 35. Ke2 f4 36. c3 Qe3+ 37. Kf1 0-1

[Event "9th Beirut Open 2017"]
[Site "Beirut"]
[Date "2017.10.05"]
[Round "7.23"]
[White "Zeidan, Mohammad"]
[Black "Tarraf, Tarraf"]
[Result "1-0"]
[ECO "A00"]
[WhiteElo "1988"]
[BlackElo "1653"]
[Annotator "NA RC"]
[PlyCount "101"]
[EventDate "2017.??.??"]
[EventCountry "LBN"]
[SourceTitle "playchess.com"]
[Source "ChessBase"]
[SourceQuality "1"]
[TimeControl "5400+30"]

1. e4 d5 2. exd5 Nf6 3. Nc3 Nxd5 4. Bc4 e6 5. Nge2 a6 6. a4 c6 7. d3 Bc5 8. Ne4 Be7 9. O-O O-O 10. Kh1 Nd7 11. a5 f5 12. Nd2 N7f6 13. Ng3 Kh8 14. Nf3 Qc7 15. c3 Bd7 16. Qe2 Rae8 17. Ne5 Bd6 18. f4 Ng4 19. Nxg4 fxg4 20. Ne4 Nxf4 21. Bxf4 Rxf4 22. Rxf4 Bxf4 23. Qxg4 e5 24. Qh4 Be6 25. Bxe6 Rxe6 26. g3 Bh6 27. Rf1 Re8 28. b4 Qd8 29. Qxd8 Rxd8 30. Rf3 Kg8 31. Kg2 Rd7 32. Kf2 Re7 33. Ke2 g6 34. Nc5 Kg7 35. Kd1 Kg8 36. Kc2 Bg7 37. Kb3 Bf8 38. Kc4 Kg7 39. h3 h6 40. Ne4 Rc7 41. g4 Rd7 42. h4 Be7 43. h5 gxh5 44. gxh5 Bg5 45. Kc5 Be7+ 46. Kb6 Bd8+ 47. Ka7 Be7 48. Kb8 Bh4 49. Nc5 Re7 50. Rf1 Bg3 51. Rg1 1-0

[Event "9th Beirut Open 2017"]
[Site "Beirut"]
[Date "2017.10.05"]
[Round "7.24"]
[White "Khallouf, Abdallah"]
[Black "Hanna, Elie"]
[Result "1-0"]
[ECO "A00"]
[WhiteElo "1530"]
[BlackElo "1778"]
[Annotator "NA RC"]
[PlyCount "67"]
[EventDate "2017.??.??"]
[EventCountry "LBN"]
[SourceTitle "playchess.com"]
[Source "ChessBase"]
[SourceQuality "1"]
[TimeControl "5400+30"]

1. c4 e5 2. g3 Nc6 3. Bg2 Nf6 4. Nc3 Bc5 5. e3 a6 6. Nge2 Qe7 7. a3 d6 8. O-O O-O 9. d4 Ba7 10. b4 e4 11. h3 Bd7 12. Qc2 Bf5 13. Bb2 h5 14. Nf4 Qd7 15. Nxe4 Nxe4 16. Bxe4 Bxe4 17. Qxe4 Rad8 18. Qf3 g6 19. Nd5 f5 20. Qf4 Kg7 21. Qg5 Ne7 22. Nf4 Kh7 23. d5 Rg8 24. Ne6 c6 25. Qf4 g5 26. Nxg5+ Kg6 27. Ne6 Kh7 28. Qh4 Rg6 29. Qxh5+ Kg8 30. Ng5 Kf8 31. Ne6+ Rxe6 32. dxe6 Qxe6 33. Qh8+ Ng8 34. Qg7+ 1-0

[Event "9th Beirut Open 2017"]
[Site "Beirut"]
[Date "2017.10.05"]
[Round "7.25"]
[White "Khairallah, Ralph"]
[Black "Arcadan, Adib"]
[Result "1-0"]
[ECO "A00"]
[WhiteElo "1814"]
[BlackElo "1346"]
[Annotator "NA RC"]
[PlyCount "65"]
[EventDate "2017.??.??"]
[EventCountry "LBN"]
[SourceTitle "playchess.com"]
[Source "ChessBase"]
[SourceQuality "1"]
[TimeControl "5400+30"]

1. e4 c5 2. Nf3 e6 3. d3 Nf6 4. Nbd2 d5 5. g3 Be7 6. Bg2 O-O 7. O-O b6 8. Re1 Bb7 9. c3 Na6 10. e5 Nd7 11. d4 Rc8 12. a3 c4 13. Nf1 Re8 14. h4 h6 15. N1h2 Nab8 16. Ng4 Bf8 17. Be3 b5 18. Qc2 a5 19. Nd2 Qc7 20. f4 h5 21. Nh2 g6 22. Qd1 Nc6 23. g4 Qd8 24. Bf2 Be7 25. gxh5 Bxh4 26. Qg4 Bxf2+ 27. Kxf2 Ne7 28. Nhf3 Nf8 29. Rh1 Kg7 30. Ng5 Nf5 31. h6+ Nxh6 32. Rxh6 f5 33. Qh4 1-0

[Event "9th Beirut Open 2017"]
[Site "Beirut"]
[Date "2017.10.05"]
[Round "7.26"]
[White "Ward, Serge"]
[Black "Kassar, Paul"]
[Result "1-0"]
[ECO "C29"]
[WhiteElo "1730"]
[BlackElo "1480"]
[Annotator "NA RC"]
[PlyCount "99"]
[EventDate "2017.??.??"]
[EventCountry "LBN"]
[SourceTitle "playchess.com"]
[Source "ChessBase"]
[SourceQuality "1"]
[TimeControl "5400+30"]

1. e4 e5 2. Nc3 Nf6 3. f4 Nc6 4. Nf3 d6 5. Bb5 Bg4 6. O-O Be7 7. h3 Bh5 8. Qe1 Bxf3 9. Rxf3 a6 10. Bxc6+ bxc6 11. fxe5 dxe5 12. d3 O-O 13. Qg3 Qd6 14. Be3 Nh5 15. Qg4 Nf6 16. Qg3 Nh5 17. Qf2 Qg6 18. Ne2 Bg5 19. Rf1 Bxe3 20. Qxe3 Rab8 21. b3 Qd6 22. a4 c5 23. Qg5 Qg6 24. Qe7 Qd6 25. Rxf7 Qxe7 26. Rxe7 Nf4 27. Nxf4 exf4 28. Rxc7 g5 29. Rxc5 h6 30. Rc6 Rfc8 31. Rxc8+ Rxc8 32. Rc1 Rc3 33. Kf2 Kf7 34. Ke2 a5 35. Kd2 Rc6 36. d4 Ke6 37. d5+ Kd6 38. dxc6 Kxc6 39. e5 Kd5 40. Re1 Ke6 41. c4 h5 42. c5 Kd5 43. e6 g4 44. hxg4 hxg4 45. e7 f3 46. e8=Q fxg2 47. Qe5+ Kc6 48. Qd6+ Kb7 49. Re7+ Kc8 50. Qc7# 1-0

[Event "9th Beirut Open 2017"]
[Site "Beirut"]
[Date "2017.10.05"]
[Round "7.27"]
[White "Fakhoury, Dory"]
[Black "Khalili, Moustafa"]
[Result "0-1"]
[ECO "A00"]
[WhiteElo "1402"]
[BlackElo "1712"]
[Annotator "NA RC"]
[PlyCount "79"]
[EventDate "2017.??.??"]
[EventCountry "LBN"]
[SourceTitle "playchess.com"]
[Source "ChessBase"]
[SourceQuality "1"]
[TimeControl "5400+30"]

1. e4 e5 2. Nf3 Nc6 3. Bc4 Nf6 4. O-O Bc5 5. b4 Bxb4 6. c3 Be7 7. d4 exd4 8. e5 Ne4 9. cxd4 d5 10. Bb5 O-O 11. Bxc6 bxc6 12. Qc2 c5 13. dxc5 Bxc5 14. Nc3 Nxc3 15. Qxc3 Be7 16. Nd4 c5 17. Nc6 Qc7 18. Nxe7+ Qxe7 19. Qg3 Qe6 20. Ba3 Re8 21. f4 c4 22. Bc5 a5 23. Bd4 Qg4 24. Qc3 Qf5 25. Rf3 Be6 26. h3 h5 27. Raf1 Reb8 28. g4 hxg4 29. hxg4 Qxg4+ 30. Rg3 Qe2 31. Re3 Qxa2 32. f5 Bxf5 33. Rxf5 Rb3 34. Qxb3 cxb3 35. e6 Qb1+ 36. Rf1 Qg6+ 37. Kf2 fxe6 38. Rg1 Rf8+ 39. Rf3 Qxg1+ 40. Kxg1 0-1

[Event "9th Beirut Open 2017"]
[Site "Beirut"]
[Date "2017.10.05"]
[Round "7.28"]
[White "Saad, Charbel"]
[Black "M amer, Hossam"]
[Result "0-1"]
[ECO "A00"]
[WhiteElo "1795"]
[BlackElo "2113"]
[Annotator "RC"]
[PlyCount "62"]
[EventDate "2017.??.??"]
[EventCountry "LBN"]
[SourceTitle "playchess.com"]
[Source "ChessBase"]
[SourceQuality "1"]
[TimeControl "5400+30"]

1. e4 e5 2. Nf3 Nc6 3. Bb5 a6 4. Ba4 Nf6 5. O-O Bc5 6. c3 O-O 7. d4 exd4 8. cxd4 Ba7 9. Bg5 d6 10. Nc3 b5 11. Bb3 Bg4 12. Nd5 Nxd4 13. Nxf6+ gxf6 14. Bh6 Re8 15. Qd3 Bxf3 16. gxf3 Qd7 17. f4 Kh8 18. f5 Qe7 19. Rae1 c5 20. Bd1 Rg8+ 21. Kh1 Rae8 22. a4 Nxf5 23. Qh3 Nxh6 24. Qxh6 Rg6 25. Qh3 Reg8 26. axb5 axb5 27. Bc2 Qe5 28. Rg1 Qxb2 29. Rxg6 Rxg6 30. Qc8+ Kg7 31. Bb1 Qxf2 0-1

[Event "9th Beirut Open 2017"]
[Site "Beirut"]
[Date "2017.10.05"]
[Round "7.29"]
[White "El Jawich, Muhammad"]
[Black "Bedrosian, Danielle"]
[Result "0-1"]
[ECO "A00"]
[WhiteElo "1245"]
[BlackElo "1696"]
[Annotator "NA"]
[PlyCount "49"]
[EventDate "2017.??.??"]
[EventCountry "LBN"]
[SourceTitle "playchess.com"]
[Source "ChessBase"]
[SourceQuality "1"]
[TimeControl "5400+30"]

1. e4 b6 2. Nf3 Bb7 3. Nc3 g6 4. d4 Bg7 5. Bc4 e6 6. O-O d6 7. Re1 Nd7 8. a4 a6 9. b4 c5 10. bxc5 dxc5 11. Be3 Qc7 12. Qd3 cxd4 13. Bxd4 e5 14. Be3 Ne7 15. Red1 Rd8 16. Qe2 O-O 17. Bg5 Nf6 18. Bxf6 Bxf6 19. Nd5 Nxd5 20. Bxd5 Bxd5 21. exd5 e4 22. Nd4 Rxd5 23. Rd2 Rxd4 24. Rxd4 Bxd4 25. Qxe4 0-1

[Event "9th Beirut Open 2017"]
[Site "Beirut"]
[Date "2017.10.05"]
[Round "7.30"]
[White "Iaali, Abdelrahman"]
[Black "Badieh, Mahmoud"]
[Result "1-0"]
[ECO "A00"]
[WhiteElo "1670"]
[BlackElo "1262"]
[Annotator "NA RC"]
[PlyCount "91"]
[EventDate "2017.??.??"]
[EventCountry "LBN"]
[SourceTitle "playchess.com"]
[Source "ChessBase"]
[SourceQuality "1"]
[TimeControl "5400+30"]

1. e4 e6 2. d4 d5 3. exd5 exd5 4. Nf3 Nf6 5. Bg5 Bg4 6. c4 c6 7. Qb3 Qe7+ 8. Qe3 Qxe3+ 9. fxe3 Nbd7 10. Nc3 Bb4 11. a3 Bxc3+ 12. bxc3 Ne4 13. Bf4 Nxc3 14. Rc1 Ne4 15. cxd5 cxd5 16. Bb5 O-O 17. Rc7 Nb6 18. Rxb7 Rac8 19. O-O Be6 20. Rxa7 Ra8 21. Rxa8 Rxa8 22. Ra1 Nc3 23. Bc6 Rc8 24. Bb7 Rc4 25. Kf1 Bc8 26. Bxc8 Rxc8 27. Ne5 Ra8 28. Nc6 Nc4 29. a4 Rxa4 30. Rxa4 Nxa4 31. Ne7+ Kf8 32. Nxd5 Ke8 33. Ke2 Nab2 34. Nc3 Kd7 35. Nd1 Na4 36. Kd3 Nab6 37. Nc3 Nb2+ 38. Ke4 N2c4 39. g4 Ke6 40. d5+ Kd7 41. Kd4 f6 42. h4 h6 43. Ne4 Nb2 44. Nc5+ Ke7 45. d6+ Kd8 46. Ne6+ 1-0

[Event "9th Beirut Open 2017"]
[Site "Beirut"]
[Date "2017.10.05"]
[Round "7.36"]
[White "Fawaz, Kassem"]
[Black "Eid, Wissam"]
[Result "0-1"]
[ECO "A00"]
[WhiteElo "1719"]
[BlackElo "1531"]
[Annotator "NA RC"]
[PlyCount "114"]
[EventDate "2017.??.??"]
[EventCountry "LBN"]
[SourceTitle "playchess.com"]
[Source "ChessBase"]
[SourceQuality "1"]
[TimeControl "5400+30"]

1. d4 Nf6 2. c4 g6 3. Nc3 Bg7 4. Nf3 O-O 5. e4 d6 6. Be2 Nbd7 7. h3 e5 8. d5 Ne8 9. Bg5 Nef6 10. Qd2 Nc5 11. b4 Ncxe4 12. Nxe4 Nxe4 13. Bxd8 Nxd2 14. Nxd2 Rxd8 15. g4 f5 16. f3 e4 17. Rc1 exf3 18. Bxf3 fxg4 19. hxg4 Re8+ 20. Kf2 Rf8 21. Kg2 Bd4 22. Rhe1 Bxg4 23. Re7 Bxf3+ 24. Nxf3 Bf6 25. Rxc7 Rf7 26. Rxf7 Kxf7 27. c5 Ke7 28. c6 b5 29. Re1+ Kf7 30. Re3 g5 31. Nd2 Be5 32. Ne4 g4 33. Ng5+ Ke7 34. Ne6 h5 35. Ra3 h4 36. Nc7 Rf8 37. Nxb5 h3+ 38. Kg1 h2+ 39. Kg2 Rf1 40. Rxa7+ Kf6 41. Rh7 Rg1+ 42. Kf2 g3+ 43. Ke2 h1=Q 44. Rxh1 Rxh1 45. c7 Rc1 46. Kf3 Kg5 47. a4 Kh4 48. a5 Kh3 49. a6 g2 50. a7 Rf1+ 51. Ke4 Rf8 52. c8=Q+ Rxc8 53. Nc7 g1=Q 54. a8=Q Rxa8 55. Nxa8 Qa7 56. b5 Qxa8 57. b6 Qb7 0-1